 Dungeon Crawl Stone Soup version 0.32-a0-834-geaf45d8e21 (webtiles) character file.

Game seed: 1338690626259344795

357 jasper the Cleaver (level 6, 0/48 HPs)
             Began as a Mountain Dwarf Gladiator on Mar 25, 2024.
             Slain by a mummy (12 damage)
             ... in an ossuary.
             The game lasted 00:03:38 (3013 turns).

jasper the Cleaver (Mountain Dwarf Gladiator)       Turns: 3013, Time: 00:03:39

Health: 0/48       AC:  9    Str: 19    XL:     6   Next: 37%
Magic:  6/6        EV:  7    Int:  8    God:
Gold:   158        SH:  0    Dex: 11    Spells: 5/5 levels left

rFire   . . .        a - +1 war axe
rCold   . . .        (no shield)
rNeg    . . .        f - +0 chain mail
rPois   .            c - +0 helmet
rElec   .            (no cloak)
rCorr   .            (no gloves)
SInv    .            (no boots)
Will    .....        (no amulet) Stlth
                     (no ring)
HPRegen 0.28/turn    (no ring)
MPRegen 0.10/turn

%: no passive effects
@: marked
A: runic magic, artefact enchanting
a: no special abilities


You were in an ossuary.
You visited 1 branch of the dungeon, and saw 4 of its levels.
You also visited: Ossuary.

You collected 158 gold pieces.

Inventory:

Hand Weapons
 a - a +1 war axe (weapon)
Missiles
 d - 3 throwing nets
 e - a javelin
 o - 25 stones (quivered)
Armour
 b - a +0 leather armour
 c - a +0 helmet (worn)
 f - a +0 chain mail (worn)
 h - a +0 kite shield
Jewellery
 i - an amulet of magic regeneration
 p - a ring of magical power
 s - an amulet of faith
Wands
 q - a wand of polymorph (11)
Scrolls
 j - a scroll of enchant armour {unknown}
 l - a scroll of enchant weapon
 n - a scroll of teleportation
 t - 2 scrolls of revelation
 v - a scroll of fear {unknown}
Potions
 g - a potion of haste
 k - 2 potions of curing
 m - 2 potions of heal wounds
 r - a potion of invisibility {unknown}
 u - a potion of attraction
 w - a potion of mutation


   Skills:
 - Level 2.1 Fighting
 + Level 8.7 Axes
 - Level 1.5 Throwing
 - Level 2.1 Dodging


You had 5 spell levels left.
You didn't know any spells.
Your spell library was empty.

Dungeon Overview and Level Annotations

Branches:
Dungeon (4/15)            Ossuary (1/1)
 Temple: D:4-7

Altars:

Shops:
D:1 [


Innate Abilities, Weirdness & Mutations

Your spellcasting is much less encumbered by armour.
You can use scrolls of enchantment on lesser artefacts.


Message History

You destroy the weeping skull!
Your life force feels restored.
You have reached level 6!
You regained 7 hp, and now have 41/48 hp.
MP restored: 6 Unknown command.
You slash the mummy!
The mummy is severely damaged.
The burial acolyte pulls the alarm!
The alarm trap emits a blaring wail!
The mark upon you grows brighter.
A gnoll zombie comes into view.
You hit the mummy.
You destroy the mummy!
You slash the mummy!
The mummy is severely damaged.
You hit the burial acolyte.
The burial acolyte hits you with a +0 dagger.
The mummy hits you!
You take 15 damage, and have 26/48 hp.
MASSIVE DAMAGE!!
You slash the mummy!
You destroy the mummy!
You slash the burial acolyte!
The burial acolyte hits you but does no damage.
Found a potion of degeneration.
The burial acolyte utters a dark prayer and points at you.
Your life force is offered up.
The burial acolyte is healed.
The mummy hits you.
You slash the mummy!
The mummy is moderately damaged.
You hit the mummy but do no damage.
The mummy is moderately damaged.
You hit the burial acolyte. The burial acolyte barely misses you.
The mummy hits you.
The burial acolyte hits you with a +0 dagger.
* * * LOW HITPOINT WARNING * * *
You barely miss the mummy.
The mummy is moderately damaged.
You barely miss the burial acolyte. The mummy hits you!
You die...

### ###.### !!!..
##### !.. #...# #M#
#...# #@# ##.##
###p### #.###
##.ZZ..## ##''.#
##^......###..#.#
'Z........'...#.#
#.'..^.⌠....'.#.###
..'.........'...#.#
.###.......###..#.#
' ##.....## ##''.#


You could see a mummy, a burial acolyte and 2 gnoll zombies.

Vanquished Creatures
  A weeping skull (Ossuary)
  An elf zombie (Ossuary)
  An iguana (D:3)
  A human skeleton (D:4)
  4 mummies (Ossuary)
  2 adders
  3 gnolls (D:2)
  5 dart slugs
  An orc (D:3)
  4 ball pythons
  3 bats
  8 endoplasms
  4 giant cockroaches
  2 gnoll zombies (Ossuary)
  6 goblins
  2 hobgoblins
  5 kobolds
  3 quokkas
  3 frilled lizards
  A kobold zombie (Ossuary)
  An orc skeleton (D:4)
  4 rats
65 creatures vanquished.

Notes
Turn   | Place    | Note
-------+----------+-------------------------------------------
     0 | D:1      | jasper the Mountain Dwarf Gladiator began the quest for the
                  | Orb.
     0 | D:1      | Reached XP level 1. HP: 17/17 MP: 1/1
   139 | D:1      | Reached skill level 4 in Axes
   220 | D:1      | Found a faded altar of an unknown god.
   262 | D:1      | Reached XP level 2. HP: 24/24 MP: 2/2
   334 | D:1      | Found Farhil's Antique Armour Shoppe.
   423 | D:1      | Reached skill level 5 in Axes
   623 | D:1      | Reached XP level 3. HP: 29/29 MP: 3/3
  1293 | D:2      | Reached skill level 6 in Axes
  1293 | D:2      | Reached XP level 4. HP: 19/36 MP: 4/4
  2770 | D:4      | Reached XP level 5. HP: 41/41 MP: 5/5
  2791 | D:4      | Found a sand-covered staircase.
  2801 | D:4      | Reached skill level 7 in Axes
  2804 | Ossuary  | Entered an ossuary
  2884 | Ossuary  | Reached skill level 8 in Axes
  3006 | Ossuary  | Reached XP level 6. HP: 41/48 MP: 6/6
  3013 | Ossuary  | Slain by a mummy

Illustrated notes

Levels and vault maps discovered:
D:1:      dpeg_cavernosity, layout_loops_ring,
          hellmonk_ecumenical_altar_leap_of_faith, serial_shops,
          nicolae_shop_just_a_little_nook, minmay_crystal_room
D:2:      layout_loops_ring
D:3:      layout_basic
D:4:      layout_basic, gammafunk_ghost_cemetery,
          nicolae_ossuary_entry_catacombs
Ossuary:  ossuary_crypta

Skill      XL: |  1  2  3  4  5 |
---------------+----------------+-----
Axes           | 4 5 6 8 |  8.7
Fighting       | |  2.1
Throwing       | |  1.5
Dodging        | |  2.1

Action                     |  1- 3 |  4- 6 || total
---------------------------+-------+-------++-------
  Melee: War axe           |   107 |    95 ||   202
  Throw: Stone             |     1 |     2 ||     3
    Use: Scroll            |       |     9 ||     9
 Armour: Chain mail        |   117 |    65 ||   182
  Dodge: Dodged            |    44 |    30 ||    74

Table legend: (Time is in decaauts)
 A = Elapsed time spent in this place.
 B = Non-inter-level travel time spent in this place.
 C = Inter-level travel time spent in this place.
 D = Time resting spent in this place.
 E = Time spent auto-exploring this place.
 F = Levels seen in this place.
 G = Mean time per level.
                   A        B        C        D        E       F      G
               +--------+--------+--------+--------+--------+-----+--------+
         Total |   3057 |   2842 |    215 |    172 |   2072 |   5 |  611.4 |
       Dungeon |   2844 |   2629 |    215 |    172 |   1935 |   4 |  711.0 |
       Ossuary |    213 |    213 |      0 |      0 |    137 |   1 |  213.0 |
               +--------+--------+--------+--------+--------+-----+--------+

Top non-repeatable levels by time:
     D:3: 1090 daAuts
     D:1: 890 daAuts
     D:2: 825 daAuts
 Ossuary: 213 daAuts
     D:4: 37 daAuts
